 Dungeon Crawl Stone Soup version 0.30.1-4-g462c640d31 (webtiles) character file.

Game seed: 14610253017367733360

2999 arthad the Fighter (level 9, -4/59 HPs)
             Began as a Gargoyle Fighter on Aug 20, 2023.
             Was a Follower of Okawaru.
             Slain by a starcursed mass (10 damage)
             ... on level 2 of the Abyss.
             The game lasted 00:13:55 (7182 turns).

arthad the Fighter (Gargoyle Fighter)               Turns: 7182, Time: 00:13:55

Health: -4/59      AC: 26    Str: 25    XL:     9   Next: 84%
Magic:  9/9        EV:  6    Int:  8    God:    Okawaru [*.....]
Gold:   354        SH: 10    Dex:  9    Spells: 8/8 levels left

rFire   . . .        i - +5 whip (drain)
rCold   . . .        l - +1 kite shield
rNeg    + . .        z - +2 plate armour {rPois}
rPois   ∞            (no helmet)
rElec   +            D - +2 cloak {rCorr}
rCorr   +            d - +0 pair of gloves
SInv    .            (no boots)
Will    .....        (no amulet) Stlth
                     g - ring of flight
HPRegen 0.29/turn    (no ring)
MPRegen 0.11/turn

%: no passive effects
@: flying
A: sickness immunity, AC +6, negative energy resistance 1, electricity
resistance, torment resistance 1, petrification resistance
a: Renounce Religion, Heroism


You were on level 2 of the Abyss.
You worshipped Okawaru.
Okawaru was aware of your devotion.
You visited 2 branches of the dungeon, and saw 8 of its levels.
You visited the Abyss 1 time.
You also visited: Sewer.

You collected 382 gold pieces.
You spent 28 gold pieces at shops.

Inventory:

Hand Weapons
 a - a +0 flail
 i - a +5 whip of draining (weapon)
 r - a +3 flail of holy wrath
 F - a +2 mace of protection
Missiles
 f - 5 poisoned darts (quivered)
 s - 3 boomerangs
Armour
 b - a +0 scale mail
 c - a +0 buckler
 d - a +0 pair of gloves (worn)
 l - a +1 kite shield (worn)
 x - a +0 leather armour of cold resistance
 z - a +2 plate armour of poison resistance (worn)
 D - a +2 cloak of preservation (worn)
Jewellery
 g - a ring of flight (left hand)
 y - a ring of protection from cold
Wands
 C - a wand of quicksilver (3)
 H - a wand of polymorph (3)
 I - a wand of charming (14)
Scrolls
 j - a scroll of silence
 m - a scroll of immolation
 o - a scroll of fog
 w - 2 scrolls of fear
 G - a scroll of blinking {unknown}
 J - a scroll of noise
Potions
 e - 2 potions of curing
 h - 8 potions of flight
 k - a potion of haste {unknown}
 n - a potion of ambrosia
 p - a potion of heal wounds
 q - 2 potions of brilliance
 t - a potion of attraction {unknown}
 v - 4 potions of degeneration
 B - a potion of lignification {unknown}


   Skills:
 + Level 8.0 Fighting
 + Level 6.9 Maces & Flails
 + Level 8.0 Armour
 + Level 8.0 Shields


You had 8 spell levels left.
You didn't know any spells.
Your spell library contained the following spells:

 Spells                   Type           Power      Damage    Failure   Level
 Apportation              Tloc           0%         N/A       100%        1
 Necrotise                Necr           0%         1d4       100%        1
 Portal Projectile        Hex/Tloc       0%         N/A       100%        3
 Vhi's Electric Charge    Tloc/Air       0%         N/A       100%        3
 Alistair's Intoxication  Tmut/Pois      0%         N/A       100%        5
 Arcjolt                  Conj/Air       0%         1d10      100%        5
 Blade Hands              Tmut           0%         N/A       100%        5
 Plasma Beam              Fire/Air       0%         2x1d11    100%        6
 Summon Small Mammal      Summ           Unusable   N/A       N/A         1
 Tukima's Dance           Hex            Unusable   N/A       N/A         3

Dungeon Overview and Level Annotations

Branches:
Dungeon (7/15)             Temple (1/1) D:7           Sewer (visited)

Altars:
Ashenzari
Cheibriados
Dithmenos
Elyvilon
Fedhas
Gozag
Hepliaklqana
Kikubaaqudgha
Makhleb
Nemelex Xobeh
Okawaru
Qazlal
Ru
Trog
Uskayaw
Vehumet
Wu Jian
Xom
Yredelemnul
Zin
The Shining One

Shops:
D:1 *   D:3 *   D:4 ?

Annotations:
D:7 Maggie


Innate Abilities, Weirdness & Mutations

You are immune to sickness and miasma.
Your stone body is resilient. (AC +6)
You are immune to poison.
You resist negative energy. (rN+)
You are resistant to electric shocks. (rElec)
You are resistant to unholy torment.
You are immune to petrification.


Message History

A chorus of shrieks assaults your mind.
* * * LOW HITPOINT WARNING * * *
You hit the starcursed mass.
The starcursed mass is heavily damaged.
The starcursed mass shudders and is absorbed by its neighbour.
A starcursed mass splits.
The smoke demon roars!
The starcursed mass touches you but does no damage.
A starcursed mass splits.
A chorus of shrieks assaults your mind.
* * * LOW HITPOINT WARNING * * *
The starcursed mass completely misses you.
You feel much better.
A wretched star comes into view.
The starcursed mass touches you but does no damage. x2
You block the starcursed mass's attack. The starcursed mass touches you!
What are your orders? t - Shout!
Orders for allies: a - Attack new target. r - Retreat! s - Stop attacking. g - Guard the area. f - Follow me.
Anything else - Cancel.
Okay, then.
You can't see any enemies this would affect, really read the scroll of fear?
Okay, then.
Unknown command.
As you read the scroll labelled ZAURIKK RUEB, it crumbles to dust.
It is a scroll of enchant weapon.
Your +4 whip of draining glows red for a moment.
A starcursed mass splits.
The starcursed mass touches you but does no damage.
The starcursed mass touches you. You block the starcursed mass's attack.
As you read the scroll labelled RUUZIT TEMPIE, it crumbles to dust.
It is a scroll of amnesia.
You feel forgetful for a moment. The starcursed mass touches you!
* * * LOW HITPOINT WARNING * * *
You block the starcursed mass's attack. The starcursed mass touches you.
* * * LOW HITPOINT WARNING * * *
The starcursed mass touches you!
You die...

#####
#.XX###
#.X@X.#
##.#X##
#.##..#
#.#
#.#* ##
.##.
.##...
#....
.#.#


You could see 5 starcursed masses and a wretched star.

Vanquished Creatures
  A two-headed ogre (D:7)
  A hornet (D:7)
  Sigmund (D:5)
  Duvessa (D:4)
  Edmund (D:6)
  2 water moccasins
  An ice beast (D:5)
  A black bear (D:4)
  An ogre (D:6)
  A phantom (D:5)
  A kobold brigand (Sewer)
  A bullfrog (D:7)
  2 scorpions (D:5)
  A gnoll sergeant (D:7)
  Dowan (D:4)
  3 howler monkeys
  3 hounds
  A jelly (D:5)
  2 orc priests
  Crazy Yiuf (D:6)
  2 gnoll boudas
  A sleepcap (D:5)
  2 iguanas
  2 orc wizards (D:6)
  18 gnolls
  A river rat (Sewer)
  10 adders
  A shadow imp (D:7)
  2 white imps
  3 worms (D:3)
  A dart slug (D:5)
  17 orcs
  7 ball pythons
  8 bats
  6 endoplasms
  7 giant cockroaches
  5 goblins
  3 hobgoblins
  7 jackals
  6 frilled lizards
  7 kobolds
  8 rats
151 creatures vanquished.

Vanquished Creatures (collateral kills)
  A sleepcap (D:6)
1 creature vanquished.

Vanquished Creatures (others)
  A lurking horror (Abyss:2)
1 creature vanquished.

Grand Total: 153 creatures vanquished

Notes
Turn   | Place    | Note
-------+----------+-------------------------------------------
     0 | D:1      | arthad the Gargoyle Fighter began the quest for the Orb.
     0 | D:1      | Reached XP level 1. HP: 14/14 MP: 1/1
   104 | D:1      | Reached XP level 2. HP: 11/19 MP: 2/2
   153 | D:1      | Found Rathrututs's General Store.
   509 | D:2      | Reached XP level 3. HP: 23/23 MP: 3/3
  1559 | D:3      | Reached XP level 4. HP: 24/29 MP: 4/4
  1592 | D:3      | Found a glowing drain.
  1636 | D:3      | Reached XP level 5. HP: 33/33 MP: 5/5
  1665 | Sewer    | Entered a sewer
  1838 | Sewer    | Noticed a kobold brigand
  1907 | Sewer    | Killed a kobold brigand
  1908 | Sewer    | Reached XP level 6. HP: 39/39 MP: 6/6
  1928 | Sewer    | Found a white marble altar of Elyvilon.
  2085 | D:3      | Found Pextidghiv's Assorted Antiques.
  2093 | D:3      | Bought a scroll labelled WIUTUNKARHE for 28 gold pieces
  2746 | D:4      | Noticed a black bear
  2755 | D:4      | Killed a black bear
  2845 | D:4      | Noticed Duvessa
  2845 | D:4      | Noticed Dowan
  2881 | D:4      | HP: 2/40 [Duvessa/+0 short sword (9)]
  2889 | D:4      | Killed Duvessa
  2890 | D:4      | Reached skill level 5 in Fighting
  2890 | D:4      | Reached skill level 5 in Armour
  2890 | D:4      | Reached skill level 5 in Shields
  2890 | D:4      | Reached XP level 7. HP: 24/44 MP: 7/7
  2904 | D:4      | Killed Dowan
  3242 | D:4      | Found Atseger's Magic Scroll Boutique.
  3578 | D:5      | Entered Level 5 of the Dungeon
  3583 | D:5      | Noticed Sigmund
  3725 | D:5      | Killed Sigmund
  3726 | D:5      | Reached XP level 8. HP: 39/51 MP: 8/8
  3930 | D:5      | Reached skill level 5 in Maces & Flails
  5074 | D:6      | Noticed Edmund
  5295 | D:6      | Reached XP level 9. HP: 45/57 MP: 9/9
  5311 | D:6      | Killed Edmund
  5734 | D:6      | Found a runed translucent door.
  5735 | D:6      | Noticed Crazy Yiuf
  5745 | D:6      | Killed Crazy Yiuf
  5998 | D:7      | Found a staircase to the Ecumenical Temple.
  6011 | Temple   | Entered the Ecumenical Temple
  6295 | Temple   | Became a worshipper of Warmaster Okawaru
  6364 | D:7      | Noticed a hornet
  6387 | D:7      | Killed a hornet
  6588 | D:7      | Noticed a two-headed ogre
  6600 | D:7      | Killed a two-headed ogre
  6600 | D:7      | Reached * piety under Okawaru
  6768 | D:7      | Noticed Maggie
  6769 | D:7      | Maggie changed into Maggie the centaur
  6769 | D:7      | Noticed Maggie
  6773 | Abyss:2  | Cast into level 2 of the Abyss (Maggie)
  7153 | Abyss:2  | Noticed a starcursed mass
  7179 | Abyss:2  | Noticed a smoke demon
  7179 | Abyss:2  | HP: 1/59 [starcursed mass/accursed screaming (8)]
  7180 | Abyss:2  | Noticed a wretched star
  7182 | Abyss:2  | Slain by a starcursed mass

Illustrated notes

Levels and vault maps discovered:
D:1:      dpeg_arrival_tiny_a, layout_rooms, serial_shops, nicolae_shop_crystal
D:2:      layout_basic
D:3:      layout_loops_corners, serial_shops, shop, gup_sewer_entry_glass,
          st_stairs_14, nicolae_kite_square_tiling_tiny,
          chequers_serial_rivers_micro_d, kennysheep_generic_room_2
D:4:      layout_basic, serial_shops, nicolae_shop_crystal, uniq_duvessa
D:5:      layout_gridville, serial_co_window_serial, co_window_corner_a,
          co_window_paths_a, co_window_corner_a, co_window_paths_a,
          co_window_paths_b, co_window_2corner, co_window_broadway_b,
          co_window_of_opportunity_b, co_window_of_opportunity_c, st_stairs_1,
          uniq_sigmund
D:6:      layout_loops_ring, uniq_crazy_yiuf_cottage, uniq_edmund
D:7:      layout_loops_ring, minmay_temple_entry_drinking_statues,
          kennysheep_crisscross, grunt_ministairs_8, minmay_joined_circles,
          uniq_maggie
Temple:   roderic_octagonal_lattice_temple
Abyss:2:  base: D:5, evilmike_abyss_exit_16

Skill      XL: |  1  2  3  4  5  6  7  8  9 |
---------------+----------------------------+-----
Fighting       | 4 5 7 8 |  8.0
Armour         | 4 5 7 8 |  8.0
Shields        | 4 5 7 8 |  8.0
Maces & Flails | 3 4 5 6 |  6.9

Action                     |  1- 3 |  4- 6 |  7- 9 || total
---------------------------+-------+-------+-------++-------
  Melee: Flail             |   137 |   150 |    57 ||   344
         Whip              |       |       |   311 ||   311
  Throw: Dart              |       |     8 |    25 ||    33
         Boomerang         |       |       |     5 ||     5
  Evoke: Wand              |       |       |     5 ||     5
    Use: Scroll            |     5 |     1 |     7 ||    13
         Potion            |     1 |     6 |     3 ||    10
 Armour: Scale mail        |   101 |    66 |    99 ||   266
         Plate armour      |       |       |   118 ||   118
  Dodge: Dodged            |    70 |    36 |    86 ||   192
  Block: Buckler           |    18 |       |       ||    18
         Kite shield       |    24 |    72 |   176 ||   272
